 Dungeon Crawl Stone Soup version 0.21-a0-522-ga8338f0 (webtiles) character file.

2380 slep the Cleaver (level 9, -6/70 HPs)
             Began as a Vine Stalker Fighter on Dec 6, 2017.
             Was a Follower of Okawaru.
             Killed by divine providence
             ... invoked by an orc priest
              (12 damage)
             ... on level 7 of the Dungeon.
             The game lasted 00:22:16 (5808 turns).

slep the Cleaver (Vine Stalker Fighter)             Turns: 5808, Time: 00:22:17

Health: -6/70      AC: 24    Str: 24    XL:     9   Next: 45%
Magic:  0/19       EV:  2    Int:  8    God:    Okawaru [*.....]
Gold:   411        SH: 18    Dex: 17    Spells: 8/8 levels left

rFire    . . .     SeeInvis .   a - +0 war axe
rCold    . . .     Gourm    +   G - +2 large shield
rNeg     + + +     Faith    .   (armour currently unavailable)
rPois    +         Spirit   +   (helmet currently unavailable)
rElec    .         Reflect  .   (cloak currently unavailable)
rCorr    +         Harm     .   (gloves currently unavailable)
MR       +....     NoTele   +   (boots currently unavailable)
Stlth    ++........             k - amulet of the gourmand
HPRegen  0.61/turn              z - ring of resist corrosion
MPRegen  0.16/turn              N - ring of magical power

@: mighty, tree-form
A: regeneration 1, magic shield, no potion heal 3, rot immunity
a: Heroism, Renounce Religion


You were on level 7 of the Dungeon.
You worshipped Okawaru.
Okawaru was aware of your devotion.
You were not hungry.
You were a tree.
You visited 2 branches of the dungeon, and saw 8 of its levels.
You also visited: Sewer.

You collected 411 gold pieces.

Inventory:

Hand Weapons
 a - a +0 war axe (weapon)
Missiles
 O - 8 javelins (quivered)
Armour
 b - a +0 scale mail (melded)
 c - a +0 shield
 g - a +0 pair of gloves (melded)
 C - a -2 leather armour
 G - a +2 large shield (worn)
Jewellery
 k - an amulet of the gourmand (around neck)
 y - an uncursed amulet of guardian spirit
 z - a ring of resist corrosion (left branch)
 N - a ring of magical power (right branch)
Wands
 B - a wand of paralysis (19)
 D - a wand of iceblast (9)
 M - a wand of acid (9)
Scrolls
 e - 3 scrolls of magic mapping
 h - 2 scrolls of identify
 n - a scroll of remove curse
 r - 3 scrolls of enchant weapon {unknown}
 v - 3 scrolls of teleportation
 w - 4 scrolls of immolation {unknown}
 E - a scroll of amnesia {unknown}
 F - a scroll of fog {unknown}
 H - a scroll of blinking
 K - a scroll of enchant armour {unknown}
Potions
 d - a potion of might
 i - a potion of lignification
 j - a potion of degeneration {unknown}
 l - a potion of curing
 p - a potion of haste {unknown}
 q - a potion of ambrosia {unknown}
 s - a potion of invisibility {unknown}
 t - a potion of mutation {unknown}
 u - 4 potions of flight
 A - a potion of agility {unknown}
 I - a potion of brilliance {unknown}
Books
 J - a book of Misfortune

   Spells                             Type                      Level
   a - Confusing Touch                Hexes                        1
   b - Confuse                        Hexes                        3
   c - Gell's Gravitas                Translocation                3
   d - Petrify                        Transmutation/Earth          4
   e - Metabolic Englaciation         Hexes/Ice                    5
   f - Yara's Violent Unravelling     Hexes/Transmutation          5
 L - a book of Minor Magic

   Spells                             Type                      Level
   a - Magic Dart                     Conjuration                  1
   b - Blink                          Translocation                2
   c - Call Imp                       Summoning                    2
   d - Slow                           Hexes                        2
   e - Conjure Flame                  Conjuration/Fire             3
   f - Mephitic Cloud                 Conjuration/Poison/Air       3
Miscellaneous
 x - a box of beasts
Comestibles
 f - 4 bread rations
 m - a meat ration
 o - 5 royal jellies


   Skills:
 + Level 5.1 Fighting
 + Level 8.2 Axes
 + Level 4.7 Armour
 + Level 2.0 Dodging
 + Level 1.2 Stealth
 + Level 4.9 Shields


You had 8 spell levels left.
You didn't know any spells.

Dungeon Overview and Level Annotations

Branches:
Dungeon (7/15)             Temple (1/1) D:5

Altars:
Ashenzari
Cheibriados
Dithmenos
Elyvilon
Fedhas
Kikubaaqudgha
Makhleb
Nemelex Xobeh
Okawaru
Qazlal
Sif Muna
Trog
Vehumet
Wu Jian
Yredelemnul
Zin
The Shining One


Innate Abilities, Weirdness & Mutations

((You have razor-sharp teeth.))
Your natural rate of healing is unusually fast.
When hurt, damage is shared between your health and your magic reserves.
((Your bite disrupts and absorbs the magic of your enemies.))
Potions cannot restore your health.
You are immune to rotting.


Message History

The sky beast hits you. The sky beast shocks you.
* * * LOW HITPOINT WARNING * * *
The orc priest invokes the aid of Beogh against you.
Beogh smites you!
* * * LOW HITPOINT WARNING * * *
The orc wizard barely misses you.
You hear a shout!
Unknown command.
You turn into a tree.
Your +0 pair of gloves melds into your body.
Your +0 scale mail melds into your body.
Your roots penetrate the ground.
You block the sky beast's attack. You block the orc priest's attack.
The orc wizard looks encouraged for a moment.
An orc comes into view. It is wielding a whip.
You feel very mighty all of a sudden. You block the sky beast's attack.
The orc moves out of view.
The orc priest invokes the aid of Beogh against you.
Beogh smites you!
You die...

### #. ... #. .... #.
..... #.
.o...##################.
........................
#...oo....##..........
#..###o###..#..#######.
##.o♣).##...## ##
#..)Y[..##.## #
#..)...!/.###
#...........#
#?⌠.._._..⌠.#
#.....#.....#
#.⌠.._._..⌠.#
#...........#
##.........##


You could see a sky beast, 2 orc priests and 2 orc wizards.

Vanquished Creatures
  Sigmund (D:4)
  The ghost of isock the Fighter, an amateur GnWn (D:3)
  4 ogres
  4 centaurs
  A necrophage (D:5)
  A phantom (D:7)
  2 scorpions
  A water moccasin skeleton (D:4)
  2 howler monkeys
  2 crimson imps
  2 centaur zombies
  A jelly (D:6)
  A bullfrog skeleton (D:6)
  3 orc priests
  3 hounds
  Ijyb (D:3)
  4 iguanas
  An orc wizard (D:3)
  A merfolk siren (Sewer)
  5 worker ants
  A merfolk avatar (Sewer)
  A worker ant zombie (D:7)
  4 gnolls (D:6)
  17 adders
  A river rat (Sewer)
  3 adder skeletons (D:4)
  A worm (D:6)
  6 leopard geckos
  18 orcs
  4 ball pythons
  10 giant cockroaches
  5 goblins
  7 hobgoblins
  4 jackals (D:2)
  3 quokkas
  3 bats
  8 frilled lizards
  9 kobolds
  A quokka skeleton (D:4)
  A quokka zombie (D:7)
  29 rats
177 creatures vanquished.

Notes
Turn   | Place    | Note
-------+----------+-------------------------------------------
     0 | D:1      | slep the Vine Stalker Fighter began the quest for the Orb.
     0 | D:1      | Reached XP level 1. HP: 11/11 MP: 2/2
     6 | D:1      | Noticed a hog
     6 | D:1      | Noticed a five-headed hydra
     7 | D:1      | Noticed an anaconda
   231 | D:1      | Reached skill level 2 in Axes
   231 | D:1      | Reached XP level 2. HP: 13/16 MP: 0/3
   743 | D:2      | Reached XP level 3. HP: 16/19 MP: 4/4
  1308 | D:2      | Gained mutation: Your natural rate of healing is unusually fast. [Vine Stalker growth]
  1308 | D:2      | Reached XP level 4. HP: 18/23 MP: 5/5
  1582 | D:3      | Noticed isock's ghost (amateur GnWn)
  1715 | D:3      | Found a glowing drain.
  1723 | D:3      | Reached skill level 3 in Axes
  1774 | Sewer    | Entered a sewer
  1850 | Sewer    | Reached XP level 5. HP: 28/28 MP: 6/6
  1947 | Sewer    | Noticed a malarious merfolk avatar
  1971 | Sewer    | Killed a malarious merfolk avatar
  2295 | D:3      | Found a bloodstained altar of Trog.
  2295 | D:3      | Noticed Ijyb
  2303 | D:3      | Killed Ijyb
  2410 | D:3      | Reached skill level 4 in Axes
  2410 | D:3      | Reached XP level 6. HP: 33/33 MP: 7/7
  2549 | D:3      | Killed isock's ghost
  2549 | D:3      | Reached XP level 7. HP: 30/37 MP: 6/8
  2726 | D:4      | Reached skill level 5 in Axes
  2800 | D:4      | Found a shattered altar of Ashenzari.
  3060 | D:4      | Noticed Sigmund
  3070 | D:4      | Killed Sigmund
  3166 | D:4      | Reached skill level 6 in Axes
  3166 | D:4      | Reached skill level 1 in Dodging
  3166 | D:4      | Gained mutation: You have razor-sharp teeth. [Vine Stalker growth]
  3166 | D:4      | Reached XP level 8. HP: 29/42 MP: 5/9
  3324 | D:5      | Entered Level 5 of the Dungeon
  3627 | D:5      | Reached skill level 7 in Axes
  3931 | D:5      | Found a staircase to the Ecumenical Temple.
  3937 | Temple   | Entered the Ecumenical Temple
  4124 | Temple   | Became a worshipper of Warmaster Okawaru
  4290 | D:5      | Reached skill level 1 in Stealth
  4667 | D:6      | Reached XP level 9. HP: 45/46 MP: 10/10
  5370 | D:7      | Found a shadowy altar of Dithmenos.
  5444 | D:7      | Found a basalt altar of Yredelemnul.
  5544 | D:7      | Reached skill level 5 in Fighting
  5602 | D:7      | Reached skill level 8 in Axes
  5631 | D:7      | Reached * piety under Okawaru
  5790 | D:7      | Found a basalt altar of Yredelemnul.
  5791 | D:7      | Found a glowing silver altar of Zin.
  5792 | D:7      | Found a white marble altar of Elyvilon.
  5792 | D:7      | Found an ornate altar of the Wu Jian Council.
  5808 | D:7      | Killed from afar by an orc priest

Vault maps used:
D:1:      onia_arrival_zoo_common
D:3:      bloody_trog, gup_sewer_entry_glass, minmay_misc_feat_roman, uniq_ijyb
D:4:      cheibrodos_ashenzari_chains, st_stairs_7,
          hangedman_abyss_or_decor_stagger, due_unseen_surprise, uniq_sigmund
D:5:      minmay_temple_entry_enclosed_plants, first_bread,
          kennysheep_generic_room_9
D:7:      minmay_the_grid_octo_2x2, old_standard_altar, basic_altar,
          grunt_dithmenos_shadows
Temple:   minmay_temple_curvy_branch
Sewer:    sewer_sea

Skill      XL: |  1  2  3  4  5  6  7  8  9 |
---------------+----------------------------+-----
Axes           | 2 3 4 6 7 8 |  8.2
Fighting       | 3 4 5 |  5.1
Shields        | 3 4 |  4.9
Armour         | 3 4 |  4.7
Dodging        | 1 2 |  2.0
Stealth        | 1 |  1.2

Action                   |  1- 3 |  4- 6 |  7- 9 || total
-------------------------+-------+-------+-------++-------
Melee: War axe           |   108 |   157 |   288 ||   553
       Bite              |    25 |    31 |   106 ||   162
  Use: Potion            |     1 |     1 |     2 ||     4
       Scroll            |       |     4 |       ||     4
  Eat: Chunk             |    11 |     7 |     9 ||    27
Armor: Scale mail        |    52 |    47 |    85 ||   184
Dodge: Dodged            |    36 |    58 |    72 ||   166
Block: Shield            |    51 |    79 |    47 ||   177
       Large shield      |       |       |   165 ||   165

Table legend:
 A = Spawn XP
 B = Non-spawn XP
 C = Spawn XP percentage of total XP
 D = Spawn monster count
 E = Non-spawn monster count
 F = Spawn count percentage of total count
 G = Total turns spent on level
                    A         B        C        D         E        F      G
               +---------+---------+-------+---------+---------+-------+---------
         Total |       0 |    3401 |   0.0 |       0 |     177 |   0.0 |  5808
               +---------+---------+-------+---------+---------+-------+---------
           D:1 |       0 |      18 |   0.0 |       0 |      12 |   0.0 |   621
           D:2 |       0 |      84 |   0.0 |       0 |      28 |   0.0 |  1002
           D:3 |       0 |     412 |   0.0 |       0 |      25 |   0.0 |   704
           D:4 |       0 |     629 |   0.0 |       0 |      19 |   0.0 |   617
           D:5 |       0 |     849 |   0.0 |       0 |      17 |   0.0 |   861
           D:6 |       0 |     591 |   0.0 |       0 |      23 |   0.0 |   912
           D:7 |       0 |     687 |   0.0 |       0 |      15 |   0.0 |   480
         Sewer |       0 |     131 |   0.0 |       0 |      38 |   0.0 |   380
               +---------+---------+-------+---------+---------+-------+---------
